 Dungeon Crawl Stone Soup version 0.27.0-1-g7a089689b8 (webtiles) character file.

Game seed: 5103134687931974860

402 MajorAdolf the Sneak (level 6, -1/52 (56) HPs)
             Began as a Naga Wanderer on Aug 13, 2021.
             Was an Initiate of Vehumet.
             Slain by a wight (10 damage)
             ... on level 4 of the Dungeon.
             The game lasted 00:10:55 (7586 turns).

MajorAdolf the Sneak (Naga Wanderer)                Turns: 7586, Time: 00:10:56

HP:   -1/52 (56)    AC:  5    Str: 11    XL:     6   Next: 85%
MP:   10/10         EV:  9    Int: 17    God:    Vehumet [......]
Gold: 136           SH:  4    Dex: 11    Spells: 6/10 levels left

rFire    . . .     SeeInvis +   q - +0 whip (elec)
rCold    . . .     Faith    .   j - +0 buckler
rNeg     . . .     Spirit   .   p - +2 leather armour {rPois}
rPois    +         Reflect  .   (no helmet)
rElec    .         Harm     .   (no cloak)
rCorr    +         Rampage  .   (no gloves)
Will     .....                  (no barding)
Stlth    +++.......             (no amulet)
HPRegen  0.17/turn              e - ring of resist corrosion
MPRegen  0.12/turn              (no ring)

@: drained, very slow
A: AC +2, large, see invisible, deformed body, poison resistance, slowness 2,
spit poison 1, naga tail 1
a: Spit Poison, Renounce Religion


You were on level 4 of the Dungeon.
You worshipped Vehumet.
Vehumet was noncommittal.
You visited 1 branch of the dungeon, and saw 4 of its levels.

You collected 136 gold pieces.

Inventory:

Hand Weapons
 d - a +5 great sword
 q - a +0 whip of electrocution (weapon)
Armour
 a - a +1 robe of willpower
 b - a +0 robe
 j - a +0 buckler (worn)
 p - a +2 leather armour of poison resistance (worn)
Jewellery
 e - a ring of resist corrosion (left hand)
Wands
 k - a wand of iceblast (7)
 l - a wand of digging (4)
Scrolls
 g - 2 scrolls of identify
 m - a scroll of enchant armour
 n - a scroll of silence
 o - a scroll of teleportation
Potions
 c - 5 potions of curing
 h - a potion of flight


   Skills:
 + Level 3.0 Fighting
 - Level 1.0 Polearms
 - Level 1.0 Dodging
 + Level 5.5 Stealth
 + Level 2.0 Shields
 + Level 2.8 Spellcasting
 + Level 2.7 Conjurations
 - Level 1.0 Necromancy
 + Level 1.6 Fire Magic
 - Level 1.3 Poison Magic
 - Level 1.0 Evocations


You had 6 spell levels left.
You knew the following spells:

 Your Spells              Type           Power      Damage    Failure   Level
a - Magic Dart            Conj           44%        1d5       9%          1
b - Conjure Flame         Conj/Fire      9%         6-21      30%         3

Your spell library contained the following spells:

 Spells                   Type           Power      Damage    Failure   Level
 Animate Skeleton         Necr           10%        N/A       17%         1
 Pain                     Necr           20%        1d5       17%         1
 Vampiric Draining        Necr           2%         2d6       45%         3
 Portal Projectile        Hex/Tloc       4%         N/A       58%         3
 Animate Dead             Necr           2%         N/A       86%         4
 Agony                    Necr           5%         N/A       99%         5
 Excruciating Wounds      Necr           2%         N/A       99%         5
 Blade Hands              Tmut           1%         N/A       100%        5


Dungeon Overview and Level Annotations

Branches:
Dungeon (4/15)
 Temple: D:4-7

Altars:
Qazlal
Trog
Vehumet
Wu Jian

Annotations:
D:3 Grinder, Terence
D:4 Edmund


Innate Abilities, Weirdness & Mutations

Your serpentine skin is tough. (AC +2)
You have supernaturally acute eyesight. (SInv)
Armour fits poorly on your strangely shaped body.
Your system is resistant to poisons. (rPois)
You cover ground very slowly.
You can spit poison.
You have a snake-like lower body.


Message History

You start resting.
Your transformation is almost over.
You start resting.
You feel less wooden.
Your +2 leather armour of poison resistance unmelds from your body.
You feel resistant to poison.
You start resting.
HP restored.
Items here: )) [[.
a - a +1 robe of willpower
d - a +5 great sword You start waiting.
Done waiting.
Unknown command.
Unknown command.
You can't see any susceptible monsters within range! (Use Z to cast anyway.)
Things that are here:
a +0 hand axe; a +0 robe
Items here: (( )) [[ ÷. 2 wights come into view.
Found a murky coppery potion.
Items here: (( )) [[ ÷.
Things that are here:
a +0 hand axe; a +0 robe You barely miss the wight.
The wight hits you with a +4 mace!
You feel drained. The wight hits you with a +4 mace!
You hit the wight but do no damage. The wight hits you with a +4 mace.
You feel drained.
Your leather armour prevents you from hitting the wight.
The wight closely misses you.
You barely miss the wight. You block the wight's attack.
You barely miss the wight. The wight hits you with a +4 mace.
You barely miss the wight. The wight hits you with a +4 mace!
You hit the wight but do no damage. You block the wight's attack.
You hit the wight but do no damage. The wight hits you with a +4 mace!
* * * LOW HITPOINT WARNING * * *
You feel drained.
* * * LOW HITPOINT WARNING * * *
You hit the wight but do no damage. The wight hits you with a +4 mace!
You die...

#... #.......##.#####.###
###...###.##..........##.#
#...(...#.##.#..##.......#
#.......).......##.##.##.##
#.>.....#....#.###........##
###..z###....#.# #....##...#
#... #......# #..####....
##.# ###z#### #..####.§≈≈ !.
###@### #...>...≈≈≈ ..z
#.....# ##.####.≈≈_ ..#
#.....# #.# #.≈≈. #..
#.....# #.# #.≈≈≈ #.....#
#.# #.≈≈≈ #.....# #.####.§§§
###########......###
#.......##.#### #.#####.##.#


You could see a wight.

Vanquished Creatures
  An ogre (D:4)
  3 wights (D:4)
  A hound (D:4)
  An orc wizard (D:4)
  3 adders
  2 adder skeletons (D:4)
  3 dart slugs
  10 orcs
  5 bats
  3 endoplasms
  13 giant cockroaches
  7 goblins
  6 hobgoblins
  10 jackals
  3 quokkas
  4 ball pythons
  6 frilled lizards
  4 kobolds
  9 rats
94 creatures vanquished.

Notes
Turn   | Place    | Note
-------+----------+-------------------------------------------
     0 | D:1      | MajorAdolf the Naga Wanderer began the quest for the Orb.
     0 | D:1      | MajorAdolf set off with the following items: a +0 club, a
                  | +0 robe, a potion of curing, a +0 dagger; and the following
                  | spells available to memorise: Animate Skeleton, Pain, Magic
                  | Dart, Vampiric Draining, Conjure Flame, Animate Dead, Agony
     0 | D:1      | Reached XP level 1. HP: 18/18 MP: 2/2
     2 | D:1      | Learned a level 1 spell: Magic Dart
   227 | D:1      | Reached XP level 2. HP: 18/25 MP: 3/3
   865 | D:1      | Found a faded altar of an unknown god.
  1330 | D:2      | Reached skill level 1 in Conjurations
  1785 | D:2      | Reached XP level 3. HP: 26/31 MP: 2/5
  2042 | D:2      | Found a bloodstained altar of Trog.
  2833 | D:2      | Reached skill level 4 in Stealth
  3441 | D:2      | Reached XP level 4. HP: 38/39 MP: 0/6
  4579 | D:3      | Found an ornate altar of the Wu Jian Council.
  5256 | D:3      | Noticed Grinder
  5773 | D:4      | Reached XP level 5. HP: 42/46 MP: 2/8
  5805 | D:3      | Learned a level 3 spell: Conjure Flame
  5894 | D:3      | Noticed Terence
  6026 | D:4      | Found a radiant altar of Vehumet.
  6315 | D:4      | Became a worshipper of Vehumet
  6384 | D:4      | Noticed an ogre
  6395 | D:4      | Killed an ogre
  6396 | D:4      | Reached skill level 5 in Stealth
  6604 | D:4      | Reached skill level 1 in Fire Magic
  6604 | D:4      | Reached XP level 6. HP: 42/55 MP: 4/9
  7061 | D:4      | Found a stormy altar of Qazlal.
  7099 | D:4      | Noticed Edmund
  7175 | D:4      | HP: 2/84 [wight (13)]
  7586 | D:4      | Slain by a wight

Illustrated notes

Levels and vault maps discovered:
D:1:      dpeg_arrival_pits, layout_loops_ring,
          ebering_ecumenical_altar_sacrificial
D:2:      minmay_roachtagon, layout_basic, basic_altar
D:3:      layout_rooms, pdpol_wu_jian_five_deadly_venoms, st_stairs_8,
          uniq_terence, uniq_grinder
D:4:      layout_loops_cross, mainiacjoe_overflow_alcove_1,
          general_overflow_altar, fedhas_altar_fruit_tree, uniq_robin,
          uniq_edmund

Skill      XL: |  1  2  3  4  5  6 |
---------------+-------------------+-----
Conjurations   | 1 2 |  2.7
Stealth        | 4 5 |  5.5
Fighting       | 2 3 |  3.0
Spellcasting   | 2 |  2.8
Fire Magic     | 1 |  1.6
Shields        | 2 |  2.0
Polearms       | |  1.0
Dodging        | |  1.0
Necromancy     | |  1.0
Poison Magic   | |  1.3
Evocations     | |  1.0

Action                   |  1- 3 |  4- 6 || total
-------------------------+-------+-------++-------
Melee: Dagger            |    87 |    61 ||   148
       Club              |     2 |       ||     2
       Whip              |       |    34 ||    34
 Cast: Magic Dart        |    53 |   130 ||   183
 Abil: Spit Poison       |    23 |    20 ||    43
Evoke: Wand              |       |     3 ||     3
  Use: Scroll            |       |     6 ||     6
       Potion            |       |     2 ||     2
 Stab: Sleeping          |     2 |       ||     2
Armor: Robe              |    21 |    25 ||    46
       Skin              |       |     5 ||     5
       Leather armour    |       |     3 ||     3
Dodge: Dodged            |    58 |    67 ||   125
Block: Buckler           |       |    21 ||    21
